AoeStats
← .|.

Arena

510788264Analyzed
4v4 RM · 12h ago on Oct 2, 2026· 28m 26s· 8 players
Game mode
Random Map
Map size
Large (8 player)
Population
200
Speed
Normal
Resources
Standard
Victory
Conquest
Starting age
Dark Age
Ending age
Imperial Age
RankedLock teamsTeams togetherTeam positionsShared explorationLock speedFull tech treeHidden civsTurbo modeCheats
Victory
Defeat
🇨🇳 Danes · China
1559
+14
🇨🇳 Dravidians · China
1517
+16
🇨🇳 Turks · China
1486
+17
🇨🇳 Khmer · China
1474
+17
🇹🇷 Turks · Türkiye
1536
-18
🇩🇪 Cumans · Germany
1535
-17
🇧🇷 Goths · Brazil
1521
-16
🇲🇽 Georgians · Mexico
1434
-13
Xrouma
11:35 Feudal Age
15:05 Castle Age
13:16 Double-Bit Axe
13:52 Horse Collar
16:46 Bow Saw
20:36 Loom
24:34 Wheelbarrow
28:59 Imperial Age
27:17 Padded Archer Armor
27:43 Ballistics
28:10 Hand Cart
28:23 Leather Archer Armor
28:23 Fortified Wall
28:24 Masonry
28:21 Gold Mining
28:34 Heavy Plow
28:49 Stone Mining
28:52 Fletching
seabed
11:12 Feudal Age
12:32 Double-Bit Axe
12:50 Horse Collar
15:23 Castle Age
17:12 Bow Saw
17:48 Scale Mail Armor
20:36 Arson
23:01 Chain Mail Armor
27:03 Loom
小鸡
5:04 Loom
11:52 Feudal Age
13:24 Double-Bit Axe
15:55 Castle Age
13:39 Horse Collar
14:36 Man-at-Arms
15:02 Arson
15:19 Scale Mail Armor
15:33 Forging
16:33 Gambesons
16:49 Squires
16:17 Long Swordsman
16:48 Gambesons
17:38 Bow Saw
20:25 Wheelbarrow
19:40 Town Watch
21:56 Chain Mail Armor
22:17 Iron Casting
24:17 Hand Cart
25:27 Squires
妈妈。
9:57 Feudal Age
12:51 Castle Age
10:48 Double-Bit Axe
13:49 Bow Saw
15:51 Bloodlines
15:42 Husbandry
20:35 Scale Barding Armor
22:03 Chain Barding Armor
22:52 Forging
23:38 Wheelbarrow
25:44 Iron Casting
25:47 Loom
27:16 Gold Mining
27:17 Stone Mining
.|.
10:29 Feudal Age
14:09 Castle Age
12:00 Double-Bit Axe
11:59 Horse Collar
14:19 Wheelbarrow
14:00 Gold Mining
15:57 Loom
17:54 Bloodlines
19:43 Heavy Plow
20:23 Scale Barding Armor
24:07 Hand Cart
24:58 Bow Saw
27:53 Forging
28:06 Chain Barding Armor
29:10 Iron Casting
31:12 Imperial Age
JavelinMen
8:53 Feudal Age
9:25 Double-Bit Axe
9:21 Horse Collar
15:47 Castle Age
17:05 Bow Saw
17:14 Loom
20:23 Fletching
20:28 Gold Mining
21:53 Bodkin Arrow
26:49 Ballistics
SS_Riok23
11:41 Feudal Age
12:26 Double-Bit Axe
15:54 Castle Age
13:42 Horse Collar
15:23 Wheelbarrow
20:30 Heavy Plow
20:48 Bow Saw
20:38 Loom
23:54 Fletching
25:53 Scale Mail Armor
26:03 Forging
25:55 Man-at-Arms
26:37 Squires
27:12 Chain Mail Armor
27:08 Forging
26:31 Pikeman
27:39 Long Swordsman
28:56 Forging
Tsunade
8:48 Feudal Age
9:33 Double-Bit Axe
9:29 Horse Collar
19:10 Castle Age
18:02 Wheelbarrow
17:47 Scale Barding Armor
18:21 Forging
19:07 Bloodlines
20:13 Chain Barding Armor
20:04 Bow Saw
20:25 Town Watch
20:37 Loom
21:10 Heavy Plow
24:13 Hand Cart
Connection lost

Rejoining the realm…

Still unreachable

The connection could not be restored.

Session expired

The server has moved on; the page needs a fresh start.